[Event "2nd Cambridge Open 2024"]
[Site "Cambridge"]
[Date "2024.02.19"]
[Round "2.21"]
[White "Martin, Lewis"]
[Black "Sivanandan, Bodhana"]
[Result "1/2-1/2"]
[ECO "A11"]
[WhiteElo "2144"]
[BlackElo "1856"]
[Annotator "RC"]
[PlyCount "85"]
[EventDate "2024.02.18"]
[EventType "swiss"]
[EventCountry "ENG"]
[SourceTitle "playchess.com"]
[Source "ChessBase"]
[SourceQuality "1"]
[TimeControl "5400+30"]

1. c4 c6 2. g3 d5 3. Bg2 Nf6 4. Nf3 Bf5 5. cxd5 cxd5 6. Qb3 Qb6 7. Qxb6 axb6 8. Nc3 e6 9. O-O Nc6 10. d3 Bc5 11. Bd2 O-O 12. a3 Rfc8 13. b4 Bd4 14. b5 Bxc3 15. Bxc3 Na5 16. Bxf6 gxf6 17. Nd4 Bg6 18. g4 e5 19. Nf5 Bxf5 20. gxf5 d4 21. Rac1 Kf8 22. Bd5 Rd8 23. Ba2 Rac8 24. Kg2 Rc5 25. Rxc5 bxc5 26. b6 Rc8 27. Rc1 Rc6 28. Bd5 Rxb6 29. Rxc5 Nc6 30. Kf3 Ke7 31. Rc2 Kf8 32. e4 Ra6 33. Rb2 Rxa3 34. Rxb7 Ne7 35. Bc4 Ra1 36. Rb8+ Kg7 37. Rb7 Kf8 38. Rb8+ Kg7 39. Re8 Ng8 40. h3 Nh6 41. Re7 Kf8 42. Rb7 Kg7 43. Rc7 1/2-1/2

[Event "2nd Cambridge Open 2024"]
[Site "Cambridge"]
[Date "2024.02.19"]
[Round "2.22"]
[White "Nawalaniec, Adam"]
[Black "Waller, Dan"]
[Result "1/2-1/2"]
[ECO "B38"]
[WhiteElo "1876"]
[BlackElo "2126"]
[Annotator "RC"]
[PlyCount "94"]
[EventDate "2024.02.18"]
[EventType "swiss"]
[EventCountry "ENG"]
[SourceTitle "playchess.com"]
[Source "ChessBase"]
[SourceQuality "1"]
[TimeControl "5400+30"]

1. e4 c5 2. Nf3 g6 3. c4 Nc6 4. d4 cxd4 5. Nxd4 Bg7 6. Be3 Nf6 7. Nc3 O-O 8. Be2 d6 9. f3 Bd7 10. O-O Nxd4 11. Bxd4 Bc6 12. Qd2 a5 13. b3 Nd7 14. Bf2 Nc5 15. Rab1 b6 16. a3 Nd7 17. b4 axb4 18. axb4 Ra3 19. Rfc1 Qa8 20. Nd5 Bxd5 21. cxd5 Ra2 22. Qd3 f5 23. exf5 Rxf5 24. Qb5 Qa7 25. Bc4 Rxf2 26. Kxf2 Bd4+ 27. Kf1 Qa3 28. Qxd7 Rxf3+ 29. gxf3 Qxf3+ 30. Ke1 Bc3+ 31. Rxc3 Qxc3+ 32. Kd1 Qd4+ 33. Kc2 Qxc4+ 34. Kb2 Qxb4+ 35. Ka2 Qa5+ 36. Kb3 Qxd5+ 37. Ka3 Qc5+ 38. Rb4 Qc3+ 39. Ka4 Qc2+ 40. Rb3 Qc4+ 41. Ka3 Qc1+ 42. Ka2 Qc2+ 43. Rb2 Qc4+ 44. Ka3 Qc3+ 45. Rb3 Qa1+ 46. Kb4 Qd4+ 47. Ka3 Qa1+ 1/2-1/2

[Event "2nd Cambridge Open 2024"]
[Site "Cambridge"]
[Date "2024.02.19"]
[Round "2.23"]
[White "Banerjee, Supratit"]
[Black "Skettos, Nicolas"]
[Result "1/2-1/2"]
[ECO "C01"]
[WhiteElo "1984"]
[BlackElo "1880"]
[Annotator "RC"]
[PlyCount "92"]
[EventDate "2024.02.18"]
[EventType "swiss"]
[EventCountry "ENG"]
[SourceTitle "playchess.com"]
[Source "ChessBase"]
[SourceQuality "1"]
[TimeControl "5400+30"]

1. e4 e6 2. d4 d5 3. exd5 exd5 4. Nf3 Bd6 5. Bd3 Ne7 6. O-O Bg4 7. c3 Nbc6 8. b4 Qd7 9. Re1 O-O 10. b5 Nd8 11. Nbd2 Bf5 12. Nf1 Bxd3 13. Qxd3 a6 14. bxa6 Rxa6 15. Ne3 Ne6 16. Ng4 Ng6 17. Nge5 Bxe5 18. Nxe5 Nxe5 19. Rxe5 Rfa8 20. a3 c6 21. f4 f6 22. Re1 Re8 23. Rb1 b5 24. Qg3 Raa8 25. h4 Nf8 26. Rxe8 Rxe8 27. Rb2 Qe7 28. Kh2 Qxa3 29. Re2 Qa8 30. Rxe8 Qxe8 31. f5 Kf7 32. Ba3 Qd8 33. h5 h6 34. Bc1 Qd7 35. Qg4 Qe7 36. Bd2 c5 37. Qf3 Qd6+ 38. Bf4 Qc6 39. dxc5 Qxc5 40. Qe2 Qxc3 41. Qxb5 Qc4 42. Qb7+ Kg8 43. Bd6 Qh4+ 44. Kg1 Qd4+ 45. Kh2 Qh4+ 46. Kg1 Qe1+ 1/2-1/2

[Event "2nd Cambridge Open 2024"]
[Site "Cambridge"]
[Date "2024.02.19"]
[Round "2.24"]
[White "McLean, Robert"]
[Black "Payne, Matthew J"]
[Result "1/2-1/2"]
[ECO "C12"]
[WhiteElo "1823"]
[BlackElo "2091"]
[Annotator "RC"]
[PlyCount "72"]
[EventDate "2024.02.18"]
[EventType "swiss"]
[EventCountry "ENG"]
[SourceTitle "playchess.com"]
[Source "ChessBase"]
[SourceQuality "1"]
[TimeControl "5400+30"]

1. e4 e6 2. d4 d5 3. Nc3 Nf6 4. Bg5 Bb4 5. e5 h6 6. Bd2 Bxc3 7. bxc3 Ne4 8. Qg4 g6 9. Bd3 Nxd2 10. Kxd2 c5 11. h4 Nc6 12. Nf3 Qe7 13. Qf4 c4 14. Be2 Bd7 15. a4 O-O-O 16. g4 Rdf8 17. Qf6 Kc7 18. Qxe7 Nxe7 19. a5 a6 20. Ke3 Bb5 21. Rh3 b6 22. axb6+ Kxb6 23. Nd2 a5 24. f4 Ra8 25. h5 a4 26. Nb1 Be8 27. Na3 gxh5 28. Rxh5 f5 29. Rhh1 Bd7 30. Rab1+ Kc7 31. g5 hxg5 32. fxg5 Rag8 33. Kf4 Ng6+ 34. Kg3 Rg7 35. Bf3 Rhg8 36. Rh5 Nf8 1/2-1/2

[Event "2nd Cambridge Open 2024"]
[Site "Cambridge"]
[Date "2024.02.19"]
[Round "2.25"]
[White "Ismail, Mohammed Aayan"]
[Black "Simpson, Ben"]
[Result "0-1"]
[ECO "A29"]
[WhiteElo "2115"]
[BlackElo "1873"]
[Annotator "RC"]
[PlyCount "124"]
[EventDate "2024.02.18"]
[EventType "swiss"]
[EventCountry "ENG"]
[SourceTitle "playchess.com"]
[Source "ChessBase"]
[SourceQuality "1"]
[TimeControl "5400+30"]

1. c4 e5 2. Nc3 Nf6 3. Nf3 Nc6 4. g3 Bb4 5. Bg2 O-O 6. O-O e4 7. Ng5 Bxc3 8. bxc3 Qe7 9. d3 exd3 10. exd3 Re8 11. Bf4 h6 12. Nf3 d6 13. Re1 Qf8 14. Rxe8 Nxe8 15. Rb1 Rb8 16. Nd4 Nxd4 17. cxd4 g5 18. Bc1 b6 19. Qa4 a5 20. Bb2 Qe7 21. d5 Bf5 22. Qc2 f6 23. Qc3 Qh7 24. Bf1 Rd8 25. Re1 Qg6 26. Re3 Kf8 27. h3 h5 28. Qd4 g4 29. hxg4 hxg4 30. Bg2 Rd7 31. Kf1 Re7 32. Ke2 Kf7 33. Kd2 Ng7 34. Bf1 Qg5 35. Ke2 Bd7 36. Rxe7+ Kxe7 37. Qe4+ Kf7 38. Qh7 Qf5 39. Qh8 Qf3+ 40. Ke1 Bf5 41. Qh6 Bg6 42. Be2 Qf5 43. Qh8 Qg5 44. Qd8 Ne8 45. Qd7+ Kf8 46. Bd4 Qc1+ 47. Bd1 Bxd3 48. Qxg4 Qxc4 49. Qf4 Qb4+ 50. Qd2 Qxd4 51. Qh6+ Kf7 52. Bh5+ Ke7 53. f4 Qc3+ 54. Kd1 Bc2+ 55. Ke2 Qd3+ 56. Kf2 Qh7 57. Qxh7+ Bxh7 58. Ke3 Bb1 59. a3 Ng7 60. Bf3 Nf5+ 61. Kf2 Nd4 62. Bg2 Nb5 0-1

[Event "2nd Cambridge Open 2024"]
[Site "Cambridge"]
[Date "2024.02.19"]
[Round "2.26"]
[White "Okhai, Shabir"]
[Black "Samarakoon, Vivash Ransara"]
[Result "0-1"]
[ECO "C54"]
[WhiteElo "2114"]
[BlackElo "1839"]
[Annotator "RC"]
[PlyCount "152"]
[EventDate "2024.02.18"]
[EventType "swiss"]
[EventCountry "ENG"]
[SourceTitle "playchess.com"]
[Source "ChessBase"]
[SourceQuality "1"]
[TimeControl "5400+30"]

1. e4 e5 2. Nf3 Nc6 3. Bc4 Bc5 4. c3 d6 5. O-O Nf6 6. d3 O-O 7. Re1 a5 8. Bg5 h6 9. Bh4 g5 10. Bg3 Bb6 11. Nbd2 Qe7 12. Bb3 Kg7 13. Nc4 Ba7 14. Ne3 Bxe3 15. fxe3 Bd7 16. Rf1 Be6 17. Ba4 Nd7 18. d4 Bc4 19. Re1 f6 20. Bc2 Rad8 21. Bf2 Bf7 22. Nd2 Nb6 23. Nf1 Qd7 24. Ng3 Ne7 25. Bd3 Bc4 26. Bc2 Bf7 27. Qe2 Bc4 28. Qd2 Bf7 29. Bd1 Bg6 30. Bf3 c6 31. Qd1 Qe8 32. Qb3 Nec8 33. Bg4 Qe7 34. Qd1 Qf7 35. b3 Ne7 36. Rf1 Qg8 37. Be1 Qh7 38. c4 Ra8 39. Qf3 d5 40. exd5 e4 41. Qe2 cxd5 42. c5 Nbc8 43. Qb5 f5 44. Bh5 f4 45. Bxg6 Qxg6 46. Ne2 f3 47. Nc3 Qc6 48. Bg3 Nf5 49. Be5+ Kg6 50. Qxc6+ bxc6 51. Nd1 Nh4 52. g3 Nf5 53. Kf2 Rf7 54. Nc3 h5 55. Na4 Rb7 56. Rg1 Nh6 57. h3 Kf5 58. Rab1 Ra6 59. Bd6 Ra8 60. Bf8 Ng8 61. g4+ hxg4 62. Rxg4 Nf6 63. Rg3 Nh5 64. Rgg1 Nf6 65. Bd6 Rh7 66. Rh1 Nxd6 67. cxd6 Ke6 68. Rbg1 Rg8 69. Nc5+ Kxd6 70. Rc1 g4 71. Rcg1 gxh3 72. Rxg8 Nxg8 73. Rh2 Nf6 74. Kg3 Rg7+ 75. Kxh3 Ng4 76. Rb2 f2 0-1

[Event "2nd Cambridge Open 2024"]
[Site "Cambridge"]
[Date "2024.02.19"]
[Round "2.27"]
[White "Bharat Kumar, Balahari"]
[Black "McMahon, Paul"]
[Result "1/2-1/2"]
[ECO "D53"]
[WhiteElo "1995"]
[BlackElo "1862"]
[Annotator "NA RC"]
[PlyCount "66"]
[EventDate "2024.02.18"]
[EventType "swiss"]
[EventCountry "ENG"]
[SourceTitle "playchess.com"]
[Source "ChessBase"]
[SourceQuality "1"]
[TimeControl "5400+30"]

1. d4 d5 2. c4 e6 3. Nc3 Nf6 4. Bg5 Be7 5. e3 h6 6. Bh4 Nbd7 7. Nf3 Ne4 8. Bxe7 Qxe7 9. Nxe4 dxe4 10. Nd2 f5 11. Qh5+ Qf7 12. Qxf7+ Kxf7 13. f3 exf3 14. gxf3 b6 15. e4 Bb7 16. Bd3 g6 17. O-O-O Rad8 18. Bc2 Nf6 19. d5 exd5 20. cxd5 g5 21. Nc4 Rhe8 22. d6 Ba6 23. Bb3 Kf8 24. dxc7 Rxd1+ 25. Rxd1 Rc8 26. Rd8+ Ke7 27. Rxc8 Bxc8 28. exf5 Ne8 29. Ne5 Bxf5 30. Nc6+ Kd6 31. Nd4 Bd7 32. Nb5+ Kc5 33. Bf7 Nd6 1/2-1/2

[Event "2nd Cambridge Open 2024"]
[Site "Cambridge"]
[Date "2024.02.19"]
[Round "2.28"]
[White "Homer, Stephen J"]
[Black "Lenton, Oliver J"]
[Result "1-0"]
[ECO "B07"]
[WhiteElo "2045"]
[BlackElo "1787"]
[Annotator "RC"]
[PlyCount "55"]
[EventDate "2024.02.18"]
[EventType "swiss"]
[EventCountry "ENG"]
[SourceTitle "playchess.com"]
[Source "ChessBase"]
[SourceQuality "1"]
[TimeControl "5400+30"]

1. e4 d6 2. d4 Nf6 3. Nc3 Nbd7 4. f4 e5 5. Nf3 exd4 6. Qxd4 c6 7. Bd2 d5 8. exd5 Bc5 9. Qd3 O-O 10. O-O-O Qc7 11. Ng5 Bd6 12. g3 Nc5 13. Qd4 Bf5 14. Bg2 cxd5 15. Bxd5 Rad8 16. Qc4 Nxd5 17. Nxd5 Qc6 18. Ne3 b5 19. Qf1 Rc8 20. Bc3 Bd7 21. Qf3 b4 22. Be5 Bxe5 23. fxe5 h6 24. Rd6 Qa4 25. Nd5 Bg4 26. Ne7+ Kh8 27. Rxh6+ gxh6 28. Qf6# 1-0

[Event "2nd Cambridge Open 2024"]
[Site "Cambridge"]
[Date "2024.02.19"]
[Round "2.29"]
[White "Zhang, Junyi"]
[Black "Pert, Max"]
[Result "1/2-1/2"]
[ECO "B13"]
[WhiteElo "1655"]
[BlackElo "1950"]
[Annotator "NA RC"]
[PlyCount "59"]
[EventDate "2024.02.18"]
[EventType "swiss"]
[EventCountry "ENG"]
[SourceTitle "playchess.com"]
[Source "ChessBase"]
[SourceQuality "1"]
[TimeControl "5400+30"]

1. e4 c6 2. d4 d5 3. exd5 cxd5 4. Bd3 Nc6 5. c3 Qc7 6. h3 e5 7. dxe5 Nxe5 8. Nf3 Nxd3+ 9. Qxd3 Nf6 10. O-O Be7 11. Bg5 O-O 12. Nbd2 Be6 13. Rfe1 h6 14. Bh4 Rae8 15. Nd4 Bd8 16. a4 Nh5 17. Bxd8 Qxd8 18. Re5 Nf4 19. Qg3 Qf6 20. Rae1 Bd7 21. Rxe8 Rxe8 22. Rxe8+ Bxe8 23. b3 Qxd4 24. cxd4 Ne2+ 25. Kh2 Nxg3 26. Kxg3 f6 27. Nb1 Kf7 28. Nc3 Ke6 29. Kf3 a5 30. Ke3 1/2-1/2

[Event "2nd Cambridge Open 2024"]
[Site "Cambridge"]
[Date "2024.02.19"]
[Round "2.30"]
[White "OShea, Colm"]
[Black "Rushbrooke, Remy"]
[Result "0-1"]
[ECO "C43"]
[WhiteElo "1729"]
[BlackElo "2049"]
[Annotator "RC"]
[PlyCount "74"]
[EventDate "2024.02.18"]
[EventType "swiss"]
[EventCountry "ENG"]
[SourceTitle "playchess.com"]
[Source "ChessBase"]
[SourceQuality "1"]
[TimeControl "5400+30"]

1. e4 e5 2. Nf3 Nf6 3. d4 Nxe4 4. Bd3 d5 5. Nxe5 Nd7 6. Nxd7 Bxd7 7. Nc3 Nxc3 8. bxc3 Bd6 9. Qh5 Qe7+ 10. Be3 Be6 11. Bg5 Qf8 12. O-O h6 13. Bd2 O-O-O 14. Rab1 Qe8 15. f4 f5 16. Qf3 g5 17. g3 g4 18. Qg2 Qf7 19. c4 c5 20. Be3 cxd4 21. Bxd4 dxc4 22. Be2 Bd5 23. Qf2 Bc6 24. Bxh8 Qd5 25. Bf3 gxf3 26. Bd4 Bxf4 27. c3 Rg8 28. Rbd1 Bxg3 29. hxg3 f4 30. Bf6 Rxg3+ 31. Qxg3 f2+ 32. Kxf2 fxg3+ 33. Kxg3 Qg2+ 34. Kf4 Qe4+ 35. Kg3 Qe3+ 36. Kg4 Bg2 37. Rfe1 Qf3+ 0-1

[Event "2nd Cambridge Open 2024"]
[Site "Cambridge"]
[Date "2024.02.19"]
[Round "2.31"]
[White "Maton, Emily"]
[Black "Golubovic, Erik"]
[Result "0-1"]
[ECO "D02"]
[WhiteElo "1736"]
[BlackElo "2025"]
[Annotator "NA RC"]
[PlyCount "82"]
[EventDate "2024.02.18"]
[EventType "swiss"]
[EventCountry "ENG"]
[SourceTitle "playchess.com"]
[Source "ChessBase"]
[SourceQuality "1"]
[TimeControl "5400+30"]

1. d4 Nf6 2. Nf3 e6 3. Bf4 d5 4. e3 Bd6 5. Bg3 O-O 6. Nbd2 c5 7. c3 Qc7 8. Bd3 Nbd7 9. O-O e5 10. e4 exd4 11. cxd4 Bxg3 12. hxg3 c4 13. Bc2 dxe4 14. Nxe4 Nxe4 15. Bxe4 Nf6 16. Qc2 h6 17. Bf5 Rd8 18. Rfe1 b5 19. Re2 Bb7 20. Rd1 Rd6 21. Ne5 Rad8 22. Ng4 Nxg4 23. Bxg4 g6 24. Qc3 h5 25. Bh3 Rd5 26. Rde1 Qc6 27. Re4 Qf6 28. Rd1 R5d6 29. Rf4 Qg7 30. g4 hxg4 31. Bxg4 g5 32. Rf5 Bc8 33. Qe3 Bxf5 34. Bxf5 Qf6 35. g4 Kg7 36. Kg2 a6 37. Rh1 Rh8 38. Rxh8 Kxh8 39. f4 Qxd4 40. Qe8+ Kg7 41. fxg5 Qf4 0-1

[Event "2nd Cambridge Open 2024"]
[Site "Cambridge"]
[Date "2024.02.19"]
[Round "2.32"]
[White "Blauhut, Anna"]
[Black "Pert, Nina"]
[Result "0-1"]
[ECO "B13"]
[WhiteElo "1534"]
[BlackElo "1968"]
[Annotator "NA RC"]
[PlyCount "74"]
[EventDate "2024.02.18"]
[EventType "swiss"]
[EventCountry "ENG"]
[SourceTitle "playchess.com"]
[Source "ChessBase"]
[SourceQuality "1"]
[TimeControl "5400+30"]

1. e4 c6 2. d4 d5 3. exd5 cxd5 4. Bd3 Nc6 5. c3 Qc7 6. h3 e6 7. Ne2 Bd6 8. O-O Nf6 9. Nd2 O-O 10. Nf3 Nd7 11. Bc2 Re8 12. Ng3 Nf8 13. Nh5 Ng6 14. Ng5 Qe7 15. Qd3 Bd7 16. f4 Na5 17. a4 a6 18. Re1 Qd8 19. Qf3 Rc8 20. Nxg7 Kxg7 21. Qh5 Rh8 22. Nf3 f6 23. f5 exf5 24. Bh6+ Kf7 25. Bxf5 Re8 26. Bxg6+ hxg6 27. Ng5+ fxg5 28. Rf1+ Bf4 29. Rxf4+ gxf4 30. Qxd5+ Re6 31. Rf1 Kg8 32. Rxf4 Qe7 33. Bg5 Qd6 34. Qxa5 Re1+ 35. Rf1 Rce8 36. Rxe1 Rxe1+ 37. Kf2 Re8 0-1

[Event "2nd Cambridge Open 2024"]
[Site "Cambridge"]
[Date "2024.02.19"]
[Round "2.33"]
[White "Adams, Michael"]
[Black "Southcott-Moyers, Indy"]
[Result "1-0"]
[ECO "C65"]
[WhiteElo "2674"]
[BlackElo "2123"]
[Annotator "TA"]
[PlyCount "81"]
[EventDate "2024.02.18"]
[EventType "swiss"]
[EventCountry "ENG"]
[SourceTitle "playchess.com"]
[Source "ChessBase"]
[SourceQuality "1"]
[TimeControl "5400+30"]

1. e4 e5 2. Nf3 Nc6 3. Bb5 Nf6 4. d3 Bc5 5. Bxc6 dxc6 6. Nbd2 (6. Nxe5 $2 {perishes.} Qd4 7. Qe2 Qxe5 $19) 6... Nd7 7. Nc4 Qe7 8. O-O {[%emt 0:00:59] The position is equal.} O-O 9. Re1 Re8 10. c3 f6 11. d4 Bd6 12. b3 Nb6 13. dxe5 Nxc4 14. exd6 Nxd6 15. e5 fxe5 16. Rxe5 (16. Nxe5 {is interesting.} Qf6 17. Qd4 Nf5 18. Qe4) 16... Qf8 {[%emt 0:01:41] Black is weak on the dark squares} 17. Rxe8 Qxe8 18. Qd4 {[%emt 0:07:09] Wards off Bg4} Qe4 19. Qxe4 Nxe4 20. c4 Bg4 21. Ne1 Bf5 22. f3 Nc5 23. Be3 Nd7 24. Rd1 Be6 25. Nd3 Kf7 26. Bf4 Rc8 27. Kf2 a5 28. g4 a4 29. Kg3 c5 30. Re1 axb3 31. axb3 b5 32. cxb5 {[%emt 0:03:47] White is more active.} Rb8 33. Bxc7 Rxb5 34. Nf4 Bxb3 35. Bd6 {[%emt 0:00:10] Threatens to win with Re7+.} Nf6 $2 {[%emt 0:00:47][%mdl 8192] Loses the game.} (35... Rb7 $16 {is tougher.}) 36. Re7+ $18 Kg8 {[%emt 0:00:20] [#]} 37. g5 $1 Rb6 38. Bc7 {[%emt 0:02:12] White is winning.} Kf8 39. Bxb6 ({Don't play} 39. gxf6 Rxf6 40. Re5 Rc6) 39... Kxe7 40. Bxc5+ ({Don't do} 40. gxf6+ Kxf6 41. Bxc5 g5) 40... Kf7 41. gxf6 {[%emt 0:00:04] Weighted Error Value: White=0.03 (flawless) /Black=0.25 (precise) .  Loses game:     	---       	Black=1      Inaccurate:     	White=1     	---        OK:         	White=18    	Black=10     Best:        	White=2     	Black=4      Strong:       	White=1     	---} 1-0

[Event "2nd Cambridge Open 2024"]
[Site "Cambridge"]
[Date "2024.02.19"]
[Round "2.34"]
[White "Davison, Chris"]
[Black "Sonis, Francesco"]
[Result "0-1"]
[ECO "B51"]
[WhiteElo "2013"]
[BlackElo "2573"]
[Annotator "TA"]
[PlyCount "94"]
[EventDate "2024.02.18"]
[EventType "swiss"]
[EventCountry "ENG"]
[SourceTitle "playchess.com"]
[Source "ChessBase"]
[SourceQuality "1"]
[TimeControl "5400+30"]

1. e4 c5 2. Nf3 d6 3. Bb5+ Nc6 4. O-O Bd7 5. Re1 a6 6. Bf1 g6 7. h3 Bg7 8. c3 e5 {[%emt 0:00:05] The position is equal.} 9. Na3 Nge7 10. Nc2 Qb6 11. Ne3 O-O 12. d4 exd4 13. Nc4 Qc7 {[%emt 0:07:20] [#] Hoping for ...b5.} 14. Bf4 Nc8 15. cxd4 cxd4 (15... b5 $5) 16. Rc1 Be6 17. e5 dxe5 18. Ncxe5 Qb6 $1 19. Nc4 (19. Nxc6 $14 bxc6 20. b3) 19... Qd8 $11 20. b3 N8e7 21. Nce5 Rc8 22. Qd2 Nxe5 23. Bxe5 Rxc1 24. Rxc1 Bxe5 25. Nxe5 Qd6 26. Nf3 Nc6 27. Rd1 Rd8 28. Qh6 f6 {[%emt 0:00:35] Inhibits Ng5.} 29. Qh4 Kg7 30. Nd2 Bf5 31. Nc4 Qe7 32. Qf4 b5 33. Nd2 Bc2 34. Rc1 {[%emt 0:00:29] [#]} g5 $1 {[%emt 0:02:16] Black is more active.} 35. Qg3 (35. Qf3 $17 {was necessary.} Ne5 36. Qg3) 35... d3 $19 36. f4 Qd6 37. Kh2 Nb4 38. fxg5 fxg5 39. a3 (39. Qxd6 $142 Rxd6 40. a3) 39... Nc6 40. b4 $2 (40. Qxd6 {nothing else works.} Rxd6 41. Re1) 40... Qxg3+ {[%emt 0:01:32] Black is clearly winning.} 41. Kxg3 Ne5 42. Re1 Nc4 43. Nf3 d2 44. Nxd2 Nxd2 45. Be2 Re8 46. Kf2 Ne4+ 47. Kf3 Nc3 {[%emt 0:00:06] Weighted Error Value: White=0.38/Black=0.07 (flawless) .  Mistake:       	White=4     	---        Inaccurate:     	White=2     	Black=1      OK:         	White=13    	Black=19     Best:        	---       	Black=4      Strong:       	---       	Black=2} 0-1

[Event "2nd Cambridge Open 2024"]
[Site "Cambridge"]
[Date "2024.02.19"]
[Round "2.35"]
[White "Hebden, Mark L"]
[Black "Martyn, Rafe"]
[Result "1/2-1/2"]
[ECO "D31"]
[WhiteElo "2416"]
[BlackElo "2206"]
[Annotator "RC"]
[PlyCount "149"]
[EventDate "2024.02.18"]
[EventType "swiss"]
[EventCountry "ENG"]
[SourceTitle "playchess.com"]
[Source "ChessBase"]
[SourceQuality "1"]
[TimeControl "5400+30"]

1. d4 d5 2. c4 e6 3. Nc3 a6 4. cxd5 exd5 5. Bf4 Nf6 6. e3 Bd6 7. Bg3 O-O 8. Bd3 c5 9. Bxd6 Qxd6 10. dxc5 Qxc5 11. Nge2 Nc6 12. O-O Bg4 13. Rc1 Qb4 14. Na4 Rad8 15. a3 Qe7 16. h3 Bh5 17. Qb3 d4 18. Nxd4 Nxd4 19. exd4 Rxd4 20. Rfe1 Qd6 21. Bf1 Ne4 22. Nc3 Nc5 23. Qc2 Bg6 24. Nb5 Bxc2 25. Nxd6 Rxd6 26. Rxc2 Ne6 27. Bc4 Rc8 28. Bxe6 Rxc2 29. Bf5 Re6 30. Rd1 Rce2 31. Bxe6 fxe6 32. Rd8+ Kf7 33. Rd7+ Kf6 34. Rxb7 a5 35. b4 axb4 36. axb4 Rb2 37. b5 h5 38. h4 Kg6 39. b6 Kf6 40. g3 Kg6 41. Rb8 Kf6 42. b7 Kg6 43. f4 Kf7 44. Kf1 Rb1+ 45. Ke2 Rb2+ 46. Kd3 Rb3+ 47. Kc4 Rb1 48. Rh8 Rxb7 49. Rxh5 Rd7 50. Rg5 Rd1 51. Kc3 Kf6 52. Kc2 Rd4 53. h5 Kf7 54. Kc3 Rd1 55. Kc4 Kf6 56. Kc5 Kf7 57. Re5 Rg1 58. Re3 Rd1 59. Kc4 Rh1 60. Re5 Rg1 61. Rg5 Rd1 62. f5 exf5 63. Rxf5+ Ke6 64. Rg5 Kf6 65. Rg6+ Kf7 66. g4 Rd2 67. Rg5 Kf6 68. Rf5+ Ke6 69. Kc3 Rd1 70. Rf4 Rd8 71. Rd4 Rxd4 72. Kxd4 Kf6 73. Ke4 Kg5 74. Kf3 g6 75. Ke4 1/2-1/2

[Event "2nd Cambridge Open 2024"]
[Site "Cambridge"]
[Date "2024.02.19"]
[Round "2.36"]
[White "Dishman, Stephen"]
[Black "Hutchinson, Paul A"]
[Result "1-0"]
[ECO "B08"]
[WhiteElo "2273"]
[BlackElo "2013"]
[Annotator "TA"]
[PlyCount "77"]
[EventDate "2024.02.18"]
[EventType "swiss"]
[EventCountry "ENG"]
[SourceTitle "playchess.com"]
[Source "ChessBase"]
[SourceQuality "1"]
[TimeControl "5400+30"]

1. Nf3 g6 2. e4 d6 3. d4 Bg7 4. Be3 Nf6 5. Nc3 c6 6. Qd2 b5 7. Bd3 a5 (7... O-O $14) 8. Bh6 $16 O-O 9. e5 b4 {[%emt 0:08:17] White is better.} 10. Ne2 {[%emt 0:03:25] White is more active.} ({Much less strong is} 10. exf6 $6 bxc3 11. bxc3 (11. fxg7 $2 {is the wrong capture.} cxd2+ 12. Nxd2 Re8 $19) 11... exf6 $11) 10... Nd5 {[%emt 0:03:03] [#]} (10... dxe5 $16 11. dxe5 Bxh6 12. Qxh6 Ng4) 11. h4 $1 $18 {[%emt 0:02:36][%cal Bh2h4,Bh4h5][%mdl 32] Strongly threatening h5.} f6 12. h5 g5 {[%emt 0:00:25] [#]} 13. Bxg5 Rf7 (13... fxe5 14. dxe5) 14. exf6 exf6 15. Bh4 Qf8 16. c4 bxc3 17. bxc3 ({Don't take} 17. Nxc3 $6 Bh6 18. Qd1 Nf4 $14) 17... Bh6 18. Qc2 Bg4 19. Bf5 {[%emt 0:05:38] Prevents Nd7} Qg7 20. Qe4 Bxf5 21. Qxf5 Nd7 22. O-O Re8 (22... N7b6 {was called for.} 23. Rfe1 Re8) 23. Ng3 Rfe7 24. Rfe1 Qf7 $2 (24... Rxe1+ {is tougher.} 25. Rxe1 Rxe1+ 26. Nxe1 N7b6) 25. Rxe7 Rxe7 26. Qg4+ Kh8 27. Nf5 Bf8 28. Nxe7 Qxe7 29. c4 N5b6 30. Rc1 Bh6 31. Re1 Qf7 {[%emt 0:01:20] [#]} 32. c5 $1 dxc5 33. dxc5 Nxc5 34. Qf5 Nbd7 35. Nd4 Bd2 36. Re2 Bc3 37. Nxc6 {[%emt 0:02:01] Re7 would now be deadly.} Nb7 38. Re7 Nd6 39. Qxd7 {[%emt 0:00:40] White took control after the opening.   Weighted Error Value: White=0.17 (very precise) /Black=0.69.  Mistake:       	---       	Black=3      OK:         	White=6     	Black=8      Best:        	White=3     	---        Strong:       	White=1     	---        Brilliant:      	White=1     	---} 1-0

[Event "2nd Cambridge Open 2024"]
[Site "Cambridge"]
[Date "2024.02.19"]
[Round "2.37"]
[White "Mocic, Ivano"]
[Black "Bradbury, Neil H"]
[Result "1/2-1/2"]
[ECO "D02"]
[WhiteElo "2008"]
[BlackElo "2217"]
[Annotator "RC"]
[PlyCount "84"]
[EventDate "2024.02.18"]
[EventType "swiss"]
[EventCountry "ENG"]
[SourceTitle "playchess.com"]
[Source "ChessBase"]
[SourceQuality "1"]
[TimeControl "5400+30"]

1. d4 Nf6 2. Nf3 e6 3. Bf4 c5 4. e3 b6 5. Nbd2 Bb7 6. Bd3 Be7 7. h3 O-O 8. O-O d5 9. c3 Nbd7 10. Qc2 Qc8 11. Rfe1 c4 12. Bf1 b5 13. Ne5 Nxe5 14. dxe5 Nd7 15. e4 Nc5 16. exd5 Bxd5 17. Be3 Qc6 18. Bxc5 Bxc5 19. Ne4 Be7 20. g3 f5 21. exf6 gxf6 22. Qe2 f5 23. Nd2 Bc5 24. b4 Bb6 25. Kh2 a5 26. a3 Bd8 27. a4 Bf6 28. axb5 Qxb5 29. Reb1 Bxc3 30. Rxa5 Rxa5 31. bxa5 Qxa5 32. Nxc4 Qc5 33. Ne3 f4 34. Qg4+ Kh8 35. gxf4 Rg8 36. Qe2 Be4 37. Rd1 Qc7 38. Ng2 Bxg2 39. Bxg2 Qxf4+ 40. Kg1 Be5 41. Kf1 Rb8 42. Qf3 Qxf3 1/2-1/2

[Event "2nd Cambridge Open 2024"]
[Site "Cambridge"]
[Date "2024.02.19"]
[Round "2.38"]
[White "Karamsetty, Jeevan"]
[Black "McClement, Andrew"]
[Result "1/2-1/2"]
[ECO "B23"]
[WhiteElo "2211"]
[BlackElo "2223"]
[Annotator "RC"]
[PlyCount "90"]
[EventDate "2024.02.18"]
[EventType "swiss"]
[EventCountry "ENG"]
[SourceTitle "playchess.com"]
[Source "ChessBase"]
[SourceQuality "1"]
[TimeControl "5400+30"]

1. e4 c5 2. Nc3 Nc6 3. Bb5 Nd4 4. Bc4 e6 5. Nge2 Nf6 6. O-O a6 7. a4 d5 8. exd5 exd5 9. Ba2 Nxe2+ 10. Qxe2+ Be6 11. d3 Be7 12. Bf4 O-O 13. Rfe1 b6 14. Qd2 Qd7 15. Ne2 b5 16. c3 Qb7 17. Bb3 Rfd8 18. Ng3 Rac8 19. axb5 axb5 20. d4 b4 21. Bd1 bxc3 22. bxc3 cxd4 23. cxd4 Ne4 24. Qe2 Bb4 25. Nxe4 dxe4 26. Qb2 Rxd4 27. Qxd4 Bxe1 28. Rc1 h6 29. Bc2 Bd5 30. Rb1 Bc3 31. Qd1 Qa8 32. Be3 Bf6 33. Bb3 Bxb3 34. Qxb3 Rd8 35. g3 Bg5 36. Bxg5 hxg5 37. Qe3 Qd5 38. Re1 Re8 39. Rc1 f6 40. Re1 Re5 41. Rc1 Qd3 42. Qxd3 exd3 43. Rd1 Rd5 44. Kg2 g4 45. f3 gxf3+ 1/2-1/2